Map: Catalyst LE

Players

ShoWTimE - Winner!

  • Race: Protoss Protoss
  • League: Grandmaster
  • Spawn Location: 11:00

Socke

  • Race: Protoss Protoss
  • League: Master
  • Spawn Location: 5:00

Event: HomeStory Cup XVI

VOD

Have the link to the VOD?

Description

Time

  • Played on: Nov. 10, 2017, 6:41 a.m.
  • Length: 12:50

All games in this series

Show
View Real Time Build Order
Export as new Build Order

ShoWTimE Protoss - Winner!

Build Orders:  

Get SALT Encoding   

  1  0:00  Probe (Chrono Boost)  
  12  0:04  Probe (Chrono Boost)  
  14  0:18  Pylon  
  14  0:23  Probe (Chrono Boost)  
  15  0:36  Gateway  
  15  0:38  Probe (Chrono Boost)  
  15  0:42  Assimilator  
  17  0:50  Probe (Chrono Boost)  
  17  0:52  Assimilator  
  17  0:59  Probe (Chrono Boost)  
  18  1:05  Gateway, Probe (Chrono Boost)  
  19  1:16  Probe (Chrono Boost)  
  20  1:23  Cybernetics Core  
  20  1:28  Probe (Chrono Boost)  
  21  1:38  Pylon  
  22  1:40  Probe (Chrono Boost)  
  22  1:41  Warp Gate  
  22  1:52  Probe (Chrono Boost)  
  23  2:00  Adept x2  
  27  2:27  Stalker x2  
  31  2:39  Nexus  
  31  2:45  Pylon  
  31  3:00  Robotics Facility  
  31  3:04  Sentry  
  33  3:08  Sentry  
  35  3:14  Shield Battery  
  35  3:24  Shield Battery  
  35  3:31  Shield Battery  
  36  3:35  Probe (Chrono Boost)  
  36  3:43  Immortal  
  36  3:46  Stalker  
  42  3:59  Probe (Chrono Boost)  
  42  4:01  Probe (Chrono Boost)  
  44  4:04  Sentry  
  46  4:12  Pylon  
  46  4:14  Probe (Chrono Boost)  
  48  4:17  Phoenix, Probe (Chrono Boost)  
  48  4:20  Probe (Chrono Boost)  
  47  4:27  Observer  
  47  4:28  Probe (Chrono Boost)  
  47  4:29  Probe (Chrono Boost)  
  51  4:40  Probe (Chrono Boost), Pylon  
  51  4:41  Probe (Chrono Boost)  
  53  4:51  Twilight Council  
  55  4:52  Probe (Chrono Boost)  
  55  4:53  Probe (Chrono Boost)  
  55  4:59  Probe (Chrono Boost)  
  55  5:05  Probe (Chrono Boost)  
  61  5:07  Immortal  
  61  5:08  Probe (Chrono Boost)  
  61  5:10  Phoenix  
  62  5:15  Probe (Chrono Boost)  
  62  5:17  Probe (Chrono Boost)  
  62  5:19  Blink, Pylon  
  64  5:23  Probe (Chrono Boost)  
  66  5:29  Shield Battery, Probe (Chrono Boost)  
  66  5:30  Assimilator  
  65  5:36  Probe (Chrono Boost)  
  65  5:39  Stalker  
  65  5:41  Probe (Chrono Boost)  
  68  5:46  Immortal  
  72  5:50  Assimilator  
  72  5:52  Probe (Chrono Boost)  
  72  5:53  Probe (Chrono Boost)  
  72  5:55  Pylon  
  74  6:12  Robotics Bay  
  74  6:16  Probe x2 (Chrono Boost)  
  76  6:19  Gateway x2  
  76  6:20  Forge  
  77  6:25  Observer  
  77  6:26  Phoenix  
  77  6:36  Nexus  
  77  6:38  Pylon  
  77  6:39  Warp Prism  
  79  6:40  Probe (Chrono Boost)  
  79  6:41  Probe (Chrono Boost)  
  79  6:47  Robotics Facility  
  79  6:53  Probe x2 (Chrono Boost)  
  81  6:55  Phoenix  
  81  6:58  Protoss Ground Weapons Level 1  
  83  7:03  Shield Battery, Disruptor  
  83  7:05  Probe x2 (Chrono Boost)  
  83  7:07  Pylon  
  88  7:17  Shield Battery  
  88  7:27  Charge  
  88  7:29  Probe x2 (Chrono Boost)  
  90  7:32  Disruptor  
  90  7:33  Disruptor  
  93  7:41  Probe x2 (Chrono Boost)  
  93  7:42  Shield Battery  
  98  7:53  Probe x2 (Chrono Boost)  
  98  7:54  Stalker x2  
  102  7:59  Disruptor  
  102  8:00  Shield Battery  
  102  8:02  Disruptor  
  102  8:10  Stalker  
  110  8:14  Pylon  
  110  8:16  Probe x3 (Chrono Boost)  
  113  8:25  Zealot x2  
  117  8:33  Pylon  
  120  8:34  Disruptor, Probe x3 (Chrono Boost)  
  120  8:35  Stalker, Pylon  
  120  8:36  Assimilator  
  120  8:40  Protoss Ground Weapons Level 2  
  125  8:42  Assimilator  
  125  8:52  Pylon  
  125  8:54  Gateway  
  123  8:55  Gateway  
  123  8:57  Gateway  
  123  8:58  Disruptor  
  113  9:05  Probe x2 (Chrono Boost)  
  113  9:07  Pylon  
  113  9:08  Zealot x4  
  126  9:18  Pylon  
  126  9:20  Pylon  
  126  9:31  Stalker x4  
  126  9:38  Nexus  
  134  9:40  Pylon  
  134  9:42  Pylon  
  134  9:54  Stalker x2  
  136  10:06  Gateway  
  134  10:07  Stalker x4  
  134  10:08  Stargate  
  134  10:09  Disruptor  
  134  10:11  Disruptor  
  148  10:21  Probe x3 (Chrono Boost)  
  141  10:33  Zealot x4  
  141  10:34  Zealot x2  
  153  10:44  Oracle, Disruptor  
  153  10:47  Disruptor  
  153  10:49  Zealot  
  164  11:00  Probe x3 (Chrono Boost)  
  164  11:03  Shield Battery  
  167  11:05  Photon Cannon  
  167  11:07  Photon Cannon  
  167  11:08  Zealot  
  167  11:09  Photon Cannon  
  167  11:15  Zealot x3  
  173  11:23  Stalker x2  
  177  11:31  Zealot x3  
  183  11:33  Disruptor  
  178  11:44  Fleet Beacon  
  178  11:46  Stalker x2, Stargate  
  161  12:12  Stargate  
  161  12:19  Stalker x8  
  177  12:26  Assimilator  
  177  12:28  Assimilator  
  165  12:43  Zealot x6  
  166  12:44  Nexus  
  166  12:46  Pylon  
Show
View Real Time Build Order
Export as new Build Order

Socke Protoss 

Build Orders: Blink Stalkers 

Get SALT Encoding   

  12  0:02  Probe (Chrono Boost)  
  14  0:14  Probe (Chrono Boost)  
  14  0:17  Pylon  
  14  0:25  Probe (Chrono Boost)  
  15  0:31  Probe (Chrono Boost)  
  15  0:39  Gateway  
  16  0:43  Probe (Chrono Boost)  
  16  0:48  Assimilator  
  17  0:55  Probe (Chrono Boost)  
  18  0:57  Assimilator  
  18  1:03  Probe (Chrono Boost)  
  18  1:09  Gateway, Probe (Chrono Boost)  
  20  1:21  Probe (Chrono Boost)  
  21  1:26  Cybernetics Core  
  22  1:33  Probe (Chrono Boost)  
  22  1:39  Pylon  
  22  1:45  Probe (Chrono Boost)  
  23  1:58  Probe (Chrono Boost)  
  24  2:02  Stalker  
  24  2:03  Stalker  
  24  2:04  Warp Gate  
  28  2:16  Pylon  
  28  2:26  Twilight Council  
  28  2:35  Sentry  
  28  2:36  Stalker  
  32  2:51  Blink  
  32  2:55  Probe (Chrono Boost)  
  34  3:07  Probe (Chrono Boost)  
  35  3:24  Nexus  
  34  3:27  Pylon  
  34  3:36  Probe (Chrono Boost)  
  35  3:53  Probe (Chrono Boost)  
  36  3:56  Gateway  
  36  4:05  Probe (Chrono Boost)  
  36  4:08  Gateway  
  37  4:15  Stalker x2  
  42  4:17  Probe (Chrono Boost)  
  42  4:29  Probe (Chrono Boost)  
  43  4:37  Probe (Chrono Boost)  
  44  4:39  Probe (Chrono Boost)  
  44  4:43  Probe (Chrono Boost)  
  45  4:47  Robotics Facility  
  45  4:48  Stalker  
  45  4:51  Probe (Chrono Boost)  
  49  4:54  Stalker  
  49  4:59  Probe (Chrono Boost)  
  52  5:03  Probe (Chrono Boost)  
  52  5:06  Stalker  
  55  5:11  Probe (Chrono Boost)  
  55  5:13  Probe (Chrono Boost)  
  57  5:21  Probe (Chrono Boost)  
  57  5:22  Assimilator  
  57  5:23  Probe (Chrono Boost)  
  57  5:24  Assimilator  
  59  5:33  Sentry  
  62  5:35  Probe (Chrono Boost)  
  62  5:36  Pylon  
  62  5:37  Shield Battery  
  62  5:38  Shield Battery  
  62  5:40  Robotics Bay  
  62  5:49  Observer  
  62  5:52  Pylon x2  
  62  5:56  Probe x2 (Chrono Boost)  
  64  6:00  Immortal  
  65  6:09  Probe (Chrono Boost)  
  70  6:17  Forge  
  70  6:18  Probe (Chrono Boost)  
  71  6:30  Protoss Ground Weapons Level 1  
  71  6:32  Zealot x3  
  77  6:33  Charge  
  77  6:39  Disruptor  
  80  6:53  Gateway  
  80  6:55  Gateway  
  80  7:02  Gateway  
  80  7:03  Nexus  
  80  7:06  Disruptor, Pylon  
  83  7:18  Probe x2 (Chrono Boost)  
  84  7:29  Photon Cannon  
  85  7:30  Probe (Chrono Boost)  
  85  7:32  Probe (Chrono Boost)  
  86  7:37  Stalker x4  
  86  7:43  Pylon  
  94  8:03  Stalker x4  
  102  8:08  Pylon  
  102  8:10  Pylon  
  102  8:14  Disruptor  
  102  8:17  Probe (Chrono Boost)  
  102  8:19  Stalker  
  108  8:20  Zealot  
  108  8:25  Probe x2 (Chrono Boost)  
  112  8:36  Probe (Chrono Boost)  
  112  8:39  Stalker  
  112  8:40  Stalker x2  
  118  8:42  Protoss Ground Weapons Level 2  
  118  8:45  Probe (Chrono Boost)  
  115  8:49  Probe x2 (Chrono Boost)  
  115  8:50  Assimilator  
  115  8:53  Assimilator, Disruptor  
  115  8:57  Probe (Chrono Boost)  
  115  9:01  Probe (Chrono Boost)  
  118  9:03  Probe (Chrono Boost)  
  118  9:06  Robotics Facility  
  121  9:17  Shield Battery  
  121  9:24  Observer  
  121  9:25  Stalker x4  
  121  9:26  Stalker  
  133  9:39  Pylon  
  133  9:40  Probe (Chrono Boost), Pylon  
  133  9:48  Photon Cannon  
  131  9:58  Disruptor  
  131  9:59  Probe (Chrono Boost), Pylon  
  132  10:00  Pylon  
  132  10:01  Disruptor  
  132  10:02  Stalker x2  
  132  10:04  Pylon  
  139  10:11  Zealot  
  141  10:33  Pylon  
  141  10:34  Disruptor  
  125  10:35  Stalker x6  
  125  10:36  Disruptor  
  138  10:54  Stargate  
  132  11:00  Zealot x2  
  136  11:06  Pylon  
  136  11:08  Probe (Chrono Boost)  
  136  11:09  Disruptor  
  140  11:12  Disruptor  
  143  11:25  Zealot x4  
  144  11:30  Probe (Chrono Boost)  
  144  11:31  Probe (Chrono Boost)  
  144  11:32  Stalker  
  150  11:36  Probe (Chrono Boost)  
  151  11:43  Probe (Chrono Boost)  
  151  11:45  Disruptor  
  151  11:48  Disruptor  
  151  11:50  Zealot  
  151  11:51  Zealot x4  
  105  12:18  Stalker x3  
  105  12:19  Stalker x3  
Tags
 
Add a new tag
Caveats
  • Supply blocks, unpowered buildings, or Contaminate may cause inaccurate times.
  • Supply counts are checked every 10 seconds.